Map: Prion Terraces

Players

Miszu

  • Race: Terran Terran
  • League: Grandmaster

IIIIIIIIIIII - Winner!

  • Race: Terran Terran
  • League: Master

VOD

Have the link to the VOD?

Description

Time

  • Played on: Feb. 16, 2016, 6:25 p.m.
  • Length: 4:34
Show
View Real Time Build Order
Export as new Build Order

Miszu Terran 

Build Orders:  

Get SALT Encoding   

  12  0:02  SCV  
  13  0:14  SCV  
  14  0:18  Supply Depot  
  14  0:26  SCV  
  15  0:41  Refinery  
  15  0:47  Barracks  
  15  0:56  Barracks  
  15  1:03  SCV  
  16  1:15  SCV  
  17  1:34  Barracks Tech Lab  
  17  1:44  Barracks Tech Lab  
  17  1:45  Supply Depot  
  17  1:53  Marauder  
  19  1:54  Concussive Shells  
  19  2:04  Marauder  
  21  2:10  Bunker  
  21  2:14  Marauder  
  10  2:51  Marine x2  
Show
View Real Time Build Order
Export as new Build Order

IIIIIIIIIIII Terran - Winner!

Build Orders:  

Get SALT Encoding   

  12  0:01  SCV  
  13  0:13  SCV  
  14  0:21  Supply Depot  
  14  0:44  Barracks  
  14  0:50  Barracks  
  14  1:04  Barracks  
  14  1:08  SCV  
  15  1:32  Marine  
  16  1:34  Barracks  
  16  1:37  Marine  
  17  1:46  Supply Depot  
  17  1:50  Marine  
  17  1:51  Marine  
  19  1:55  Marine  
  20  2:08  Marine  
  21  2:09  Marine  
  21  2:13  Marine  
  23  2:25  Marine  
  23  2:26  Marine  
  23  2:27  Marine  
  22  2:31  Marine  
  21  2:43  Marine x2  
  21  2:45  Marine  
  21  3:01  Marine x2  
  21  3:02  Marine  
  18  3:18  Marine  
Tags
 
Add a new tag
Caveats
  • Supply blocks, unpowered buildings, or Contaminate may cause inaccurate times.
  • Supply counts are checked every 10 seconds.